 Dungeon Crawl Stone Soup version 0.23-a0-655-g3751e1c (console) character file.

285 Duffy the Conjurer (level 6, 41/41 HPs)
             Began as a Demonspawn Fire Elementalist on Jan 7, 2019.
             Quit the game on level 5 of the Dungeon.
             The game lasted 00:02:15 (2398 turns).

Duffy the Conjurer (Demonspawn Fire Elementalist)   Turns: 2398, Time: 00:02:16

Health: 41/41      AC:  2    Str:  9    XL:     6   Next: 7%
Magic:  4/9        EV: 12    Int: 18    God:
Gold:   118        SH:  0    Dex: 13    Spells: 5/9 levels left

rFire    . . .     SeeInvis .   d - +0 short sword
rCold    . . .     Gourm    .   (no shield)
rNeg     . . .     Faith    .   a - +0 robe
rPois    .         Spirit   .   (no helmet)
rElec    .         Reflect  .   (no cloak)
rCorr    .         Harm     .   (no gloves)
MR       .....                  (no boots)
Stlth    ++........             (no amulet)
HPRegen  0.13/turn              (no ring)
MPRegen  0.11/turn              (no ring)

@: no status effects
A: hooves 1, spiny 1
a: no special abilities


You were on level 5 of the Dungeon.
You were hungry.

You visited 1 branch of the dungeon, and saw 5 of its levels.

You collected 118 gold pieces.

Inventory:

Hand Weapons
 d - a +0 short sword (weapon)
 j - the +1 hand axe of Hard Scrabble {holy, *Corrode +Blink rC++, unknown}
   (You found it on level 4 of the Dungeon)

   It has been blessed by the Shining One to cause great damage to the undead
   and demons.
   It greatly protects you from cold.
   It lets you blink.
   It may corrode you when you take damage.
Armour
 a - a +0 robe (worn)
Wands
 f - a wand of paralysis (7)
Scrolls
 b - 5 scrolls of identify {unknown}
 i - a scroll of blinking {unknown}
 k - a scroll of remove curse {unknown}
Potions
 e - a potion of heal wounds {unknown}
 g - a potion of berserk rage {unknown}
 h - a potion of flight {unknown}
Comestibles
 c - 2 rations


   Skills:
 - Level 1.7 Dodging
 - Level 1.7 Stealth
 - Level 2.0 Spellcasting
 + Level 6.2 Conjurations
 - Level 2.6 Fire Magic


You had 5 spell levels left.
You knew the following spells:

 Your Spells              Type           Power        Failure   Level  Hunger
h - Flame Tongue          Conj/Fire      ###..        3%          1    #......
l - Conjure Flame         Conj/Fire      ###.....     9%          3    ###....

Your spell library contained the following spells:

 Spells                   Type           Power        Failure   Level  Hunger
 Throw Flame              Conj/Fire      ###...       4%          2    ###....
 Sticky Flame             Conj/Fire      ###.....     28%         4    #####..
 Inner Flame              Hex/Fire       #.......     30%         3    ###....
 Fireball                 Conj/Fire      ###.......   63%         5    ######.


Dungeon Overview and Level Annotations

Branches:
Dungeon (5/15)
 Temple: D:4-7

Altars:


Innate Abilities, Weirdness & Mutations

You have large cloven feet.
You are partially covered in sharp spines.


Message History

Confirm with . or Enter, or press ? or * to list all spells.
Aiming: Flame Tongue (safe; 3% risk of failure)
Press: ? - help, Shift-Dir - straight line, f/p - jelly
Aim: a jelly (severely wounded)
The flame tongue hits the jelly.
The jelly is almost dead.
The jelly hits you but does no damage.
Casting: Flame Tongue (safe; 3% risk of failure)
Confirm with . or Enter, or press ? or * to list all spells.
Aiming: Flame Tongue (safe; 3% risk of failure)
Press: ? - help, Shift-Dir - straight line, f/p - jelly
Aim: a jelly (almost dead)
The flame tongue hits the jelly.
You kill the jelly!
You have reached level 6!
Your experience leads to an increase in your attributes!
Increase (S)trength, (I)ntelligence, or (D)exterity?
You feel clever.
Your demonic ancestry asserts itself...
Sharp spines emerge from parts of your body.
Are you sure you want to abandon this character and quit the game? (Confirm

#..............#.###.#
#.########..###.#.#..###.####
#....)..........#.##.#.......
#.###.#######................
#.# ##..#.##.#.#.#### #.#
#######.#.#.##[#.#
#.###...###....# #.#.####
#....)#......... # #.##..
#####..@.#.## #. #.#...
##.#.# #.#..# #.#... #..#
#.###.# ##..# #.# .# .....
... . ....# ..# # ###.## ###
#.#


There were no monsters in sight!

Vanquished Creatures
  4 jellies
  An orc wizard (D:4)
  A hound skeleton (D:4)
  4 adders
  9 oozes (D:3)
  A worm (D:2)
  A dart slug (D:4)
  A leopard gecko (D:3)
  6 orcs
  A giant cockroach (D:3)
  2 hobgoblins (D:3)
  4 jackals
  9 kobolds
  A quokka (D:2)
  A frilled lizard (D:3)
  3 rats (D:2)
49 creatures vanquished.

Vanquished Creatures (others)
  2 fungi (D:3)
  8 toadstools (D:3)
10 creatures vanquished.

Grand Total: 59 creatures vanquished

Notes
Turn   | Place    | Note
-------+----------+-------------------------------------------
     0 | D:1      | Duffy the Demonspawn Fire Elementalist began the quest for
                  | the Orb.
     0 | D:1      | Reached XP level 1. HP: 13/13 MP: 3/3
   230 | D:2      | Reached skill level 2 in Conjurations
   256 | D:2      | Gained mutation: You have large cloven feet. [demonic
                  | ancestry]
   256 | D:2      | Reached XP level 2. HP: 19/19 MP: 0/5
   722 | D:3      | Reached skill level 3 in Conjurations
   726 | D:3      | Reached XP level 3. HP: 22/24 MP: 0/6
   732 | D:3      | Learned a level 3 spell: Conjure Flame
   876 | D:3      | Reached skill level 4 in Conjurations
   876 | D:3      | Reached XP level 4. HP: 30/30 MP: 3/7
   971 | D:3      | Reached skill level 5 in Conjurations
   971 | D:3      | Reached XP level 5. HP: 19/35 MP: 4/8
  1947 | D:4      | Got an ancient hand axe
  2113 | D:5      | Entered Level 5 of the Dungeon
  2208 | D:5      | Reached skill level 6 in Conjurations
  2397 | D:5      | Gained mutation: You are partially covered in sharp spines.
                  | [demonic ancestry]
  2397 | D:5      | Reached XP level 6. HP: 41/41 MP: 3/9
  2398 | D:5      | Quit the game

Vault maps used:
D:1:      kennysheep_arrival_seaside, minmay_misc_feat_pillars
D:2:      lightli_temple_of_fire, uniq_sigmund
D:3:      cheibrodos_fertilizer, kennysheep_nondescript, grunt_decor_fettered
D:4:      first_ration, serial_shops, nicolae_shop_waterfront
D:5:      lemuel_flame_loot_1, uniq_edmund

Skill      XL: |  1  2  3  4  5 |
---------------+----------------+-----
Conjurations   | 2 3 4 5 6 |  6.2
Dodging        | |  1.7
Stealth        | |  1.7
Spellcasting   | |  2.0
Fire Magic     | |  2.6

Action                   |  1- 3 |  4- 6 || total
-------------------------+-------+-------++-------
Melee: Short sword       |     4 |     1 ||     5
       Kick              |     1 |     1 ||     2
 Cast: Flame Tongue      |    30 |    49 ||    79
       Conjure Flame     |     2 |     1 ||     3
Evoke: Wand              |       |     1 ||     1
  Eat: Chunk             |       |     2 ||     2
       Ration            |       |     1 ||     1
Armor: Robe              |     6 |     3 ||     9
Dodge: Dodged            |    11 |    21 ||    32

Table legend:
 A = Non-vault XP
 B = Vault XP
 C = Vault XP percentage of total XP
 D = Non-vault monster count
 E = Vault monster count
 F = Vault count percentage of total count
                 A         B        C        D         E       F
            +---------+---------+-------+---------+---------+-------
      Total |     211 |     197 |  48.3 |      30 |      19 |  38.8
            +---------+---------+-------+---------+---------+-------
        D:1 |       6 |       0 |   0.0 |       3 |       0 |   0.0
        D:2 |      25 |       0 |   0.0 |       7 |       0 |   0.0
        D:3 |      23 |     197 |  89.5 |       6 |      19 |  76.0
        D:4 |      94 |       0 |   0.0 |       9 |       0 |   0.0
        D:5 |      63 |       0 |   0.0 |       5 |       0 |   0.0
            +---------+---------+-------+---------+---------+-------
